 Dungeon Crawl Stone Soup version 0.31-a0-232-gb1c03b2570 (webtiles) character file.

Game seed: 7821251982720576733

63 qw the Shooter (level 4, -4/26 HPs)
             Began as a Gargoyle Hexslinger on July 7, 2023.
             Slain by a cerulean imp
             ... wielding a +1 spear
             ... summoned by Natasha
              (5 damage)
             ... on level 1 of the Dungeon.
             The game lasted 00:00:29 (673 turns).

qw the Shooter (Gargoyle Hexslinger)                 Turns: 673, Time: 00:00:29

Health: -4/26      AC:  6    Str: 12    XL:     4   Next: 9%
Magic:  5/5        EV: 11    Int: 13    God:
Gold:   45         SH:  0    Dex: 14    Spells: 4/5 levels left

rFire   . . .        Y - +1 sling
rCold   . . .        (no shield)
rNeg    + . .        i - +0 leather armour
rPois   inf          (no helmet)
rElec   +            (no cloak)
rCorr   .            (no gloves)
SInv    .            (no boots)
Will    .....        (no amulet)
Stlth   +            (no ring)
HPRegen 0.24/turn    (no ring)
MPRegen 0.09/turn

%: no passive effects
@: no status effects
A: sickness immunity, AC +3, negative energy resistance 1, electricity
resistance, torment resistance 1, petrification resistance
a: no special abilities


You were on level 1 of the Dungeon.
You visited 1 branch of the dungeon, and saw 2 of its levels.

You collected 45 gold pieces.


Innate Abilities, Weirdness & Mutations

You are immune to sickness and miasma.
Your stone body is resilient. (AC +3)
You are immune to poison.
You resist negative energy. (rN+)
You are resistant to electric shocks. (rElec)
You are resistant to unholy torment.
You are immune to petrification.


   Skills:
 - Level 2.0 Fighting
 + Level 3.9 Ranged Weapons
 - Level 1.5 Dodging
 - Level 1.0 Spellcasting
 - Level 2.6 Hexes


You had 4 spell levels left.
You knew the following spells:

 Your Spells              Type           Power      Damage    Failure   Level
a - Slow                  Hex            28%        N/A       12%         1

Your spell library contained the following spells:

 Spells                   Type           Power      Damage    Failure   Level
 Inner Flame              Hex/Fire       4%         N/A       52%         3
 Portal Projectile        Hex/Tloc       8%         N/A       52%         3
 Cause Fear               Hex            3%         N/A       75%         4

Inventory:

Hand Weapons
 Y - a +1 sling (weapon)
Armour
 i - a +0 leather armour (worn)
Scrolls
 g - a scroll of identify
Potions
 f - a potion of might
 h - a potion of mutation
 j - a potion of curing
 k - a potion of berserk rage {unknown}

Dungeon Overview and Level Annotations

Branches:
Dungeon (2/15)

Altars:

Annotations:
D:1 Natasha


Message History

You shoot a sling bullet. The sling bullet barely misses Natasha.
The sling bullet barely misses the cerulean imp.
You shoot a sling bullet. The sling bullet misses Natasha.
The sling bullet hits the cerulean imp but does no damage.
Natasha barely misses you.
The cerulean imp hits you from afar with a +1 spear.
666 ||| STAIRDANCE Natasha zaps a wand.
The puff of flame hits you! The cerulean imp closely misses you.
You climb upwards.
The cerulean imp disappears in a puff of smoke!
There is a stone staircase leading down here.
You shoot a sling bullet. The sling bullet barely misses Natasha.
Natasha mumbles some strange words.
You feel troubled.
Natasha mumbles some strange words.
You shoot a sling bullet. The sling bullet hits Natasha.
Natasha is moderately wounded.
Natasha stares at you and mumbles some strange words.
The magic dart hits you!
The cerulean imp hits you but does no damage.
You shoot a sling bullet. The sling bullet hits Natasha.
Natasha is heavily wounded.
Natasha claws you but does no damage. The cerulean imp barely misses you.
Natasha claws you but does no damage.
You shoot a sling bullet. The sling bullet hits Natasha.
Natasha is heavily wounded.
The cerulean imp hits you but does no damage.
Natasha completely misses you.
You shoot a sling bullet.
The sling bullet hits Natasha but does no damage.
Natasha is heavily wounded.
The cerulean imp hits you from afar with a +1 spear.
Natasha claws you.
The cerulean imp hits you but does no damage.
You shoot a sling bullet. The sling bullet barely misses Natasha.
Natasha casts a spell at you. You resist with some effort.
The cerulean imp hits you from afar with a +1 spear.
You die...

#.....## #######
#......# ##......
#....#.# #..#####
##.#...# #..# #.#...#
#..# #.#...####..#
###.....#.....#
#.......#.%...#
#h@.....#%....#####
#...............%..
#..5.)..#....######
###.....#....# #
####..#...#...^######
#....##.#............
#................####
#.......#............
#....##....~~~~...##.


You could see Natasha and a cerulean imp (summoned).

Vanquished Creatures
  Natasha (D:2)
  3 endoplasms
  A giant cockroach (D:1)
  2 goblins (D:1)
  A hobgoblin (D:1)
  7 jackals
  A quokka (D:1)
  4 bats (D:1)
  3 frilled lizards (D:1)
  6 kobolds (D:1)
  7 rats
36 creatures vanquished.

Notes
Turn   | Place    | Note
-------+----------+-------------------------------------------
     0 | D:1      | qw the Gargoyle Hexslinger began the quest for the Orb.
     0 | D:1      | Reached XP level 1. HP: 12/12 MP: 2/2
     0 | D:1      | 0 ||| qw: Version: 0.3-a-46-gb1f654a
     0 | D:1      | 0 ||| qw: Game counter: 2474
     0 | D:1      | 0 ||| qw: Melee chars always use a shield: true
     0 | D:1      | 0 ||| qw: God list: Okawaru
     0 | D:1      | 0 ||| qw: Allow faded altars: false
     0 | D:1      | 0 ||| qw: Do Orc after clearing Dungeon:15 true
     0 | D:1      | 0 ||| qw: Do second Lair branch before Depths: true
     0 | D:1      | 0 ||| qw: Lair rune preference: random
     0 | D:1      | 0 ||| qw: Goals: Normal
     0 | D:1      | 0 ||| PLANNING D:1-11
    93 | D:1      | Reached XP level 2. HP: 16/16 MP: 3/3
   165 | D:1      | Reached skill level 3 in Ranged Weapons
   291 | D:1      | Reached XP level 3. HP: 21/21 MP: 4/4
   467 | D:1      | 467 ||| UPGRADING to +0 leather armour.
   477 | D:1      | 477 ||| DROPPING +0 robe.
   478 | D:1      | 478 ||| READING scroll labelled AREPUU DARIOT.
   479 | D:1      | 479 ||| READING scroll labelled SAFI XIUVIG.
   480 | D:1      | 480 ||| READING 4 scrolls labelled HOS NILOMAOC.
   481 | D:1      | 481 ||| READING 3 scrolls of identify.
   481 | D:1      | 481 ||| IDENTIFYING glowing purple potion
   482 | D:1      | 482 ||| READING 2 scrolls of identify.
   482 | D:1      | 482 ||| IDENTIFYING murky pink potion
   483 | D:1      | 483 ||| DROPPING scroll of poison.
   542 | D:2      | Noticed Natasha
   552 | D:2      | HP: 3/21 [cerulean imp/+1 spear[Natasha] (3)]
   555 | D:2      | Killed Natasha
   556 | D:2      | Reached XP level 4. HP: 2/26 MP: 5/5
   556 | D:2      | HP: 1/26 [rat (2)]
   621 | D:2      | Noticed Natasha
   622 | D:2      | 622 ||| FLEEEEING.
   623 | D:2      | 623 ||| FLEEEEING.
   624 | D:2      | 624 ||| FLEEEEING.
   628 | D:2      | 628 ||| FLEEEEING.
   635 | D:2      | 635 ||| STAIRDANCE
   660 | D:1      | 660 ||| DRINKING 2 brown potions.
   666 | D:2      | 666 ||| STAIRDANCE
   669 | D:1      | HP: 6/26 [Natasha/magic dart (8)]
   672 | D:1      | HP: 1/26 [Natasha (5)]
   673 | D:1      | Slain by a cerulean imp

Levels and vault maps discovered:
D:1:      dpeg_arrival_pits, layout_rooms
D:2:      layout_loops_ring, serial_shops, nicolae_shop_real_fake_doors,
          uniq_natasha

Skill      XL: |  1  2 |
---------------+-------+-----
Ranged Weapons | 3 |  3.9
Fighting       | 2 |  2.0
Dodging        | |  1.5
Spellcasting   | |  1.0
Hexes          | |  2.6

Action                     |  1- 3 |  4- 6 || total
---------------------------+-------+-------++-------
   Fire: Sling             |   104 |    12 ||   116
    Use: Scroll            |     5 |       ||     5
         Potion            |       |     1 ||     1
 Armour: Robe              |    10 |       ||    10
         Leather armour    |     3 |     6 ||     9
  Dodge: Dodged            |    19 |     5 ||    24

Table legend:
 A = Non-vault XP
 B = Vault XP
 C = Vault XP percentage of total XP
 D = Non-vault monster count
 E = Vault monster count
 F = Vault count percentage of total count
                 A         B        C        D         E       F
            +---------+---------+-------+---------+---------+-------
      Total |      54 |      36 |  40.0 |      35 |       1 |   2.8
            +---------+---------+-------+---------+---------+-------
        D:1 |      44 |       0 |   0.0 |      29 |       0 |   0.0
        D:2 |      10 |      36 |  78.3 |       6 |       1 |  14.3
            +---------+---------+-------+---------+---------+-------
